 Dungeon Crawl Stone Soup version 0.18.1-48-g4cf74bf (webtiles) character file.

2965 BabyRage the Cleaver (level 9, -14/79 HPs)
             Began as a Naga Warper on Aug 9, 2016.
             Was an Initiate of Ru.
             Demolished by an orc warrior
             ... wielding a +1 morningstar of holy wrath
              (17 damage)
             ... on level 6 of the Dungeon.
             The game lasted 00:20:28 (8163 turns).

BabyRage the Cleaver (Naga Warper)                  Turns: 8163, Time: 00:20:28

Health: -14/79     AC: 13    Str: 15    XL:     9   Next: 82%
Magic:  12/12      EV:  4    Int: 13    God:    Ru [......]
Gold:   217        SH:  0    Dex: 13    Spells: 1 memorised, 11 levels left

rFire  . . .     SeeInvis +     a - +1 hand axe
rCold  . . .     Gourm    .     s - +0 chain mail
rNeg   . . .     Faith    .     (no shield)
rPois  +         Spirit   .     n - +2 helmet
rElec  .         Dismiss  .     i - +2 cloak
rCorr  .         Reflect  .     (no gloves)
SustAt .         Harm     .     (no barding)
MR     +....                    (no amulet)
Stlth  ..........               (no ring)
                                (no ring)

@: about to teleport, short of breath, drained, very slow, somewhat resistant to
hostile enchantments, extremely unstealthy
A: see invisible, deformed body, poison resistance, slowness 2, slow metabolism
1, spit poison 2, AC +3
a: Spit Poison, Renounce Religion


You were on level 6 of the Dungeon.
You worshipped Ru.
Ru was noncommittal.
You were hungry.

You visited 1 branch of the dungeon, and saw 7 of its levels.
You also visited: Sewer.

You collected 321 gold pieces.
You spent 104 gold pieces at shops.

Inventory:

Hand Weapons
 a - a +1 hand axe (weapon)
Armour
 i - a +2 cloak (worn)
 n - a +2 helmet (worn)
 p - a +0 plate armour
 s - a +0 chain mail (worn)
Wands
 k - a wand of lightning (0/15)
Scrolls
 b - a scroll of enchant armour
 d - 4 scrolls of blinking
 j - 2 scrolls of magic mapping
 l - 6 scrolls of remove curse
 q - a scroll of fear
 r - a scroll of teleportation
 x - a scroll of enchant weapon
Potions
 h - 3 potions of flight
 m - a potion of magic
Books
 c - a book of Spatial Translocations

   Spells                             Type                      Level
   a - Apportation                    Translocation                1
   b - Blink                          Translocation                2
   c - Shroud of Golubria             Charms/Translocation         2
   d - Portal Projectile              Translocation                3
   e - Teleport Other                 Translocation                3
   f - Passage of Golubria            Translocation                4
Comestibles
 f - 8 bread rations
 g - 2 beef jerkies
 o - 2 meat rations
 v - 4 fruits


   Skills:
 + Level 4.5(3.3) Fighting
 * Level 12.4(11.0) Axes
 - Level 0.8(0.0) Throwing
 - Level 0.7(0.0) Armour
 - Level 1.5(0.5) Dodging
 - Level 2.0(0.9) Spellcasting
 - Level 3.0(1.9) Translocations


You had 11 spell levels left.
You knew the following spells:

 Your Spells              Type           Power        Failure   Level  Hunger
a - Apportation           Tloc           #.........   100%        1    ##.....


Dungeon Overview and Level Annotations

Branches:
Dungeon (7/15)
 Temple: D:4-7

Altars:
Dithmenos
Elyvilon
Kikubaaqudgha
Makhleb
Okawaru
Qazlal
Ru
Vehumet
Yredelemnul
The Shining One

Shops:
D:4 ?


Innate Abilities, Weirdness & Mutations

You cannot wear boots.
Your serpentine skin is tough (AC +3).
You have supernaturally acute eyesight.
Armour fits poorly on your strangely shaped body.
Your system is resistant to poisons.
You cover ground very slowly.
You have a slow metabolism.
You can spit poison.


Message History

The hound barks!
There is a stone staircase leading up here.
The orc warrior hits you with a morningstar of holy wrath.
* * * LOW HITPOINT WARNING * * *
You climb upwards.
There is a stone staircase leading down here.
Unknown command.
Press: ? - help, Shift-Dir - straight line, f - orc warrior
Aim: an orc warrior, wielding a morningstar of holy wrath and wearing a plate armour (heavily wounded)
The splash of poison misses the orc warrior.
You feel slightly more hungry.
Drink which item? (? for menu, Esc to quit)
Okay, then.
Read which item? (? for menu, Esc to quit)
As you read the scroll of teleportation, it crumbles to dust.
You feel strangely unstable.
The orc warrior hits you with a morningstar of holy wrath!
* * * LOW HITPOINT WARNING * * *
The orc warrior hits you with a morningstar of holy wrath!
You die...

#..)).###....#
########.....##...###
......#######.....#
......######..[...#
..................#
......#######.....#
(.....# #.....#
####### #...(.#
#..o@.# #######


You could see an orc warrior.

Vanquished Creatures
  Pikel (D:5)
  Eustachio (D:5)
  The ghost of loom the Cutter, an amateur DrAr (D:4)
  A hippogriff (D:3)
  Edmund (D:5)
  A slave (D:5)
  A black bear (D:6)
  An ice beast (D:5)
  4 ogres
  A centaur (D:5)
  2 giant frogs
  2 scorpions
  4 wights (D:6)
  2 howler monkeys
  A crimson imp (D:6)
  3 orc priests (D:4)
  A giant frog skeleton (D:4)
  A jelly (D:6)
  5 hounds
  6 orc wizards
  4 worker ants
  A hound skeleton (D:6)
  A gnoll (D:1)
  13 adders
  An adder skeleton (D:4)
  4 worms
  2 dart slugs
  4 giant geckos
  9 orcs
  14 giant cockroaches
  6 goblins
  10 hobgoblins
  13 jackals
  9 kobolds
  3 quokkas
  4 ball pythons
  7 bats
  10 giant newts
  2 quokka skeletons
  11 rats
168 creatures vanquished.

Vanquished Creatures (others)
  3 slaves (D:6)
  A scorpion (D:6)
  A hound zombie (D:6)
  An adder (D:6)
  A jackal skeleton (D:6)
7 creatures vanquished.

Grand Total: 175 creatures vanquished

Notes
Turn   | Place    | Note
--------------------------------------------------------------
     0 | D:1      | BabyRage the Naga Warper began the quest for the Orb.
     0 | D:1      | Reached XP level 1. HP: 19/19 MP: 3/3
   339 | D:1      | Reached skill level 3 in Axes
   339 | D:1      | Reached XP level 2. HP: 11/26 MP: 5/5
   839 | D:1      | Reached XP level 3. HP: 29/32 MP: 6/6
  1539 | D:2      | Reached skill level 4 in Axes
  1813 | D:2      | Reached XP level 4. HP: 39/39 MP: 7/7
  2429 | D:3      | Noticed a hippogriff
  2441 | D:3      | Killed a hippogriff
  2441 | D:3      | Reached skill level 6 in Axes
  2441 | D:3      | Reached XP level 5. HP: 29/45 MP: 8/8
  2702 | D:3      | Reached XP level 6. HP: 49/52 MP: 9/9
  2899 | D:3      | Found an iron altar of Okawaru.
  3371 | D:4      | Noticed loom's ghost (amateur DrAr)
  3391 | D:4      | Killed loom's ghost
  3391 | D:4      | Reached skill level 7 in Axes
  3399 | D:4      | Reached XP level 7. HP: 37/60 MP: 10/10
  3682 | D:4      | Gained mutation: You are frail (-10% HP). [potion of mutation]
  3682 | D:4      | Gained mutation: You are somewhat resistant to further mutation. [potion of mutation]
  3868 | D:4      | Lost mutation: You are frail (-10% HP). [potion of cure mutation]
  3868 | D:4      | Lost mutation: You are somewhat resistant to further mutation. [potion of cure mutation]
  4034 | D:4      | Reached skill level 8 in Axes
  4114 | D:4      | Found Hoodoxtu's Magic Scroll Shop.
  4122 | D:4      | Bought a scroll of remove curse for 39 gold pieces
  4122 | D:4      | Bought a scroll of teleportation for 39 gold pieces
  4122 | D:4      | Bought a scroll of identify for 26 gold pieces
  4793 | D:5      | Entered Level 5 of the Dungeon
  4804 | D:5      | Reached skill level 9 in Axes
  4804 | D:5      | Reached XP level 8. HP: 67/67 MP: 11/11
  4982 | D:5      | Reached skill level 10 in Axes
  5072 | D:5      | Found a glowing drain.
  5111 | Sewer    | Entered a sewer
  5789 | D:5      | Noticed Eustachio
  5872 | D:5      | Killed Eustachio
  5872 | D:5      | Reached skill level 11 in Axes
  6066 | D:5      | Found a basalt altar of Yredelemnul.
  6066 | D:5      | Found an ancient bone altar of Kikubaaqudgha.
  6066 | D:5      | Found a sacrificial altar of Ru.
  6066 | D:5      | Found a burning altar of Makhleb.
  6085 | D:5      | Became a worshipper of Ru the Awakened
  6105 | D:5      | Noticed Edmund
  6151 | D:5      | Killed Edmund
  6151 | D:5      | Reached XP level 9. HP: 42/73 MP: 12/12
  6789 | D:6      | Noticed Pikel
  6909 | D:5      | Killed Pikel
  6992 | D:6      | Found a stormy altar of Qazlal.
  7169 | D:6      | Reached skill level 12 in Axes
  7320 | D:6      | Found a white marble altar of Elyvilon.
  7602 | D:6      | Found a radiant altar of Vehumet.
  7602 | D:6      | Found a shadowy altar of Dithmenos.
  7603 | D:6      | Found a glowing golden altar of the Shining One.
  8162 | D:6      | HP: 3/79 [orc warrior/morningstar of holy wrath (12)]
  8163 | D:6      | Demolished by an orc warrior

Skill      XL: |  1  2  3  4  5  6  7  8  9 |
---------------+----------------------------+-----
Axes           | 3 4 6 7 9 11 12 | 12.4
Fighting       | 4 |  4.5
Throwing       | |  0.8
Armour         | |  0.7
Dodging        | |  1.5
Spellcasting   | |  2.0
Translocations | |  3.0

Action                   |  1- 3 |  4- 6 |  7- 9 || total
-------------------------+-------+-------+-------++-------
Melee: Hand axe          |    75 |   188 |   607 ||   870
Throw: Tomahawk          |     5 |       |       ||     5
 Abil: Spit Poison       |    28 |    23 |    81 ||   132
Evoke: Wand              |       |     2 |       ||     2
  Use: Scroll            |     2 |     8 |    14 ||    24
       Potion            |       |     3 |     9 ||    12
  Eat: Chunk             |     3 |     5 |    15 ||    23
       Bread ration      |       |     1 |       ||     1
Armor: Leather armour    |     5 |       |       ||     5
       Scale mail        |    41 |    87 |       ||   128
       Chain mail        |       |    63 |   313 ||   376
       Skin              |       |       |    16 ||    16
Dodge: Dodged            |    48 |    69 |   114 ||   231
